 Dungeon Crawl Stone Soup version 0.19.4-9-g45fd643 (webtiles) character file.

271 galech the Ruffian (level 6, -14/62 HPs)
             Began as a Troll Monk on Feb 20, 2017.
             Killed from afar by Dowan (23 damage)
             ... with a shard of ice
             ... on level 4 of the Dungeon.
             The game lasted 00:04:05 (2346 turns).

galech the Ruffian (Troll Monk)                     Turns: 2346, Time: 00:04:06

Health: -14/62     AC:  5    Str: 22    XL:     6   Next: 2%
Magic:  5/5        EV: 15    Int:  6    God:
Gold:   215        SH:  0    Dex: 12    Spells: 0 memorised, 5 levels left

rFire  . . .     SeeInvis .       - Unarmed
rCold  . . .     Gourm    +     a - +0 robe
rNeg   . . .     Faith    .     (no shield)
rPois  .         Spirit   .     (helmet restricted)
rElec  .         Reflect  .     (no cloak)
rCorr  .         Harm     .     (gloves unavailable)
MR     .....                    (boots unavailable)
Stlth  ++........               (no amulet)
                                (no ring)
                                s - +4 ring of evasion

@: no status effects
A: unfitting armour, claws 3, fast metabolism 3, gourmand, regeneration 1,
shaggy fur 1, tough skin 2
a: no special abilities


You were on level 4 of the Dungeon.
You were completely stuffed.

You visited 1 branch of the dungeon, and saw 4 of its levels.

You collected 215 gold pieces.

Inventory:

Armour
 a - a +0 robe (worn)
Jewellery
 s - a +4 ring of evasion (left claw)
Wands
 r - a wand of iceblast (1/15)
Scrolls
 c - a scroll of recharging {unknown}
 d - 4 scrolls of identify {unknown}
 e - 2 scrolls of magic mapping {unknown}
 f - 3 scrolls of teleportation {unknown}
 g - 3 scrolls of remove curse {unknown}
 k - a scroll of immolation {unknown}
 o - a scroll of noise {unknown}
 t - a scroll of fear {unknown}
 u - a scroll of enchant weapon {unknown}
 w - 3 scrolls of blinking {unknown}
Potions
 i - a potion of degeneration {unknown}
 j - a potion of curing {unknown}
 l - a potion of mutation {unknown}
 n - a potion of heal wounds {unknown}
 p - 2 potions of flight {unknown}
 q - a potion of lignification {unknown}
Comestibles
 b - 2 bread rations
 h - 2 meat rations
 m - a beef jerky
 v - 4 chunks of flesh


   Skills:
 + Level 3.7 Fighting
 + Level 4.0 Dodging
 - Level 1.0 Stealth
 + Level 4.4 Unarmed Combat


You had 5 spell levels left.
You didn't know any spells.

Dungeon Overview and Level Annotations

Branches:
Dungeon (4/15)
 Temple: D:4-7

Altars:

Annotations:
D:4 Dowan


Innate Abilities, Weirdness & Mutations

You are too large for most types of armour.
You have claws for hands.
Your metabolism is lightning-fast.
You like to eat raw meat.
Your natural rate of healing is unusually fast.
You are covered in fur. (AC +1)
You have very tough skin. (AC +2)


Message History

Dowan breathes, "And she was my only..."
Dowan gestures at you while chanting. The shard of ice hits you!
* * * LOW HITPOINT WARNING * * *
Dowan hits you with a dagger.
* * * LOW HITPOINT WARNING * * *
Dowan barely misses you.
You closely miss Dowan. Dowan closely misses you.
You barely miss Dowan. Dowan hits you with a dagger.
* * * LOW HITPOINT WARNING * * *
Dowan hits you but does no damage.
You scratch Dowan.
Dowan is moderately wounded.
Dowan mumbles some strange words.
Dowan blinks!
There is a stone staircase leading down here.
Dowan says, "How can I live without her?"
Dowan gestures at you while chanting. The shard of ice hits you!
You die...

#..........##....####
#..........##........
#..........#.........
#..........#......#<.
#..........#......##.
#)...................
.......##e#######.....###.
....... #.#######.....# ..
....... #@............# ..
....... #.#####...###.###.
....... #.#######.# #.....
....... #.........# #..###
...#... #.######### # ###


You could see Dowan.

Vanquished Creatures
  Duvessa (D:4)
  A worker ant (D:3)
  5 adders
  An ooze (D:2)
  An adder skeleton (D:3)
  2 worms (D:2)
  A dart slug (D:1)
  3 leopard geckos
  4 orcs (D:3)
  5 giant cockroaches
  4 goblins
  6 hobgoblins
  14 jackals
  A quokka (D:3)
  2 ball pythons
  4 bats
  5 frilled lizards
  9 kobolds
  5 rats
  2 plants (D:1)
76 creatures vanquished.

Notes
Turn   | Place    | Note
-------+----------+-------------------------------------------
     0 | D:1      | galech the Troll Monk began the quest for the Orb.
     0 | D:1      | Reached XP level 1. HP: 22/22 MP: 0/0
   143 | D:1      | Reached XP level 2. HP: 27/29 MP: 1/1
   282 | D:1      | You fall through a shaft!
   441 | D:1      | Reached XP level 3. HP: 32/36 MP: 2/2
  1229 | D:2      | Reached XP level 4. HP: 45/45 MP: 3/3
  2129 | D:3      | Reached XP level 5. HP: 53/53 MP: 4/4
  2326 | D:4      | Noticed Duvessa
  2327 | D:4      | Noticed Dowan
  2337 | D:4      | Killed Duvessa
  2337 | D:4      | Reached XP level 6. HP: 23/62 MP: 5/5
  2346 | D:4      | Killed from afar by Dowan

Skill      XL: |  1  2  3  4  5 |
---------------+----------------+-----
Fighting       | 3 |  3.7
Dodging        | 3 4 |  4.0
Unarmed Combat | 4 |  4.4
Stealth        | |  1.0

Action                   |  1- 3 |  4- 6 || total
-------------------------+-------+-------++-------
Melee: Unarmed           |   146 |   106 ||   252
       Punch             |     2 |     2 ||     4
 Stab: Sleeping          |     1 |     1 ||     2
  Eat: Chunk             |    17 |    10 ||    27
Armor: Robe              |    44 |    21 ||    65
Dodge: Dodged            |    68 |    68 ||   136
